General information
- name: BNet
- type: Ladder team game (AT/RT)
- host: Battle.net
- saver: BRUCEWILLISUSA
map: DragonFalls
- players: 8
- length: 07:03
- speed: Fast
- version: 1.24 W3XP
- replay type: Public
» download(45 KB)
Players
team 1 (winner)
BRUCEWILLISUSA (
pink | 55 APM | 390 actions | 07:03)
3 Archmage
2 Summon Water Elemental
1 Brilliance Aura
» actions
| Assign group hotkey | 59 | |
| Basic commands | 16 | |
| Build / train | 28 | |
| Enter build submenu | 11 | |
| Enter hero's abilities submenu | 4 | |
| Right click | 82 | |
| Select / deselect | 91 | |
| Select group hotkey | 74 | |
| Use ability | 25 | |
390 total
» units
» buildings
| Altar of Kings | 1 | |
| Farm | 6 | |
| Barracks | 3 | |
| Town Hall | 1 | |
| Keep | 1 | |
12 total
» build order
00:08 Altar of Kings
00:12 Farm
00:45 Farm
01:25 Barracks
01:25 Barracks
01:50 Barracks
02:05 Farm
02:33 Farm
04:14 Farm
04:18 Farm
04:56 Town Hall
06:32 Keep

»
archgods (
green | 52 APM | 365 actions | 07:03)
2 Shadow Hunter
1 Serpent Ward
1 Healing Wave
» actions
| Assign group hotkey | 16 | |
| Basic commands | 10 | |
| Build / train | 21 | |
| Enter build submenu | 14 | |
| Enter hero's abilities submenu | 2 | |
| Right click | 105 | |
| Select / deselect | 86 | |
| Select group hotkey | 87 | |
| Use ability | 24 | |
365 total
» units
| Peon | 12 | |
| Grunt | 1 | |
| Troll Headhunter/Berserker | 4 | |
17 total
» buildings
| Altar of Storms | 1 | |
| Orc Burrow | 4 | |
| Barracks | 2 | |
| War Mill | 1 | |
| Watch Tower | 4 | |
| Stronghold | 1 | |
13 total
» build order
00:11 Altar of Storms
00:20 Orc Burrow
00:45 Barracks
01:33 War Mill
02:35 Orc Burrow
03:28 Barracks
03:46 Orc Burrow
04:23 Orc Burrow
05:49 Watch Tower
05:53 Watch Tower
05:55 Watch Tower
06:06 Watch Tower
06:20 Stronghold
OdinsMissingEye (
teal | 31 APM | 219 actions | 07:03)
2 Shadow Hunter
1 Serpent Ward
1 Healing Wave
» actions
| Assign group hotkey | 13 | |
| Basic commands | 3 | |
| Build / train | 30 | |
| Enter build submenu | 8 | |
| Enter hero's abilities submenu | 2 | |
| Right click | 30 | |
| Select / deselect | 92 | |
| Select group hotkey | 14 | |
| Use ability | 27 | |
219 total
» units
| Peon | 11 | |
| Troll Headhunter/Berserker | 11 | |
22 total
» upgrades
» buildings
| Altar of Storms | 1 | |
| Orc Burrow | 4 | |
| Barracks | 1 | |
| War Mill | 1 | |
| Voodoo Lounge | 1 | |
| Stronghold | 1 | |
9 total
» build order
00:12 Altar of Storms
00:17 Orc Burrow
01:06 Barracks
01:30 War Mill
01:37 Voodoo Lounge
02:41 Orc Burrow
03:44 Orc Burrow
05:58 Orc Burrow
06:43 Stronghold
» items
| Lesser Clarity Potion | 1 | |
| Healing Salve | 1 | |
2 total

»
dontbackdown (
yellow | 23 APM | 162 actions | 07:03)
3 Shadow Hunter
2 Serpent Ward
1 Hex
» actions
| Basic commands | 1 | |
| Build / train | 19 | |
| Enter build submenu | 12 | |
| Enter hero's abilities submenu | 3 | |
| Right click | 42 | |
| Select / deselect | 64 | |
| Use ability | 21 | |
162 total
» units
» buildings
| Altar of Storms | 1 | |
| Orc Burrow | 3 | |
| War Mill | 1 | |
| Barracks | 1 | |
| Voodoo Lounge | 1 | |
| Stronghold | 1 | |
| Watch Tower | 3 | |
| Fortress | 1 | |
12 total
» build order
00:13 Altar of Storms
00:29 Orc Burrow
01:11 War Mill
01:37 Barracks
02:02 Voodoo Lounge
02:17 Orc Burrow
03:21 Stronghold
03:40 Orc Burrow
05:06 Watch Tower
06:03 Fortress
06:25 Watch Tower
06:46 Watch Tower
team 2 (loser)
5POPPIN6DROPPIN (
orange | 87 APM | 599 actions | 06:53)
3 Death Knight
2 Death Coil
1 Unholy Aura
» actions
| Assign group hotkey | 13 | |
| Build / train | 19 | |
| Enter build submenu | 7 | |
| Enter hero's abilities submenu | 3 | |
| Right click | 234 | |
| Select / deselect | 116 | |
| Select group hotkey | 179 | |
| Use ability | 28 | |
599 total
» units
| Acolyte | 3 | |
| Ghoul | 3 | |
| Crypt Fiend | 6 | |
12 total
» buildings
| Crypt | 1 | |
| Graveyard | 1 | |
| Altar of Darkness | 1 | |
| Ziggurat | 3 | |
| Tomb of Relics | 1 | |
| Nerubian Tower | 1 | |
| Halls of the Dead | 1 | |
9 total
» build order
00:08 Crypt
00:14 Graveyard
00:44 Altar of Darkness
01:00 Ziggurat
01:26 Tomb of Relics
01:59 Nerubian Tower
02:14 Ziggurat
03:51 Ziggurat
04:51 Halls of the Dead
» items

»
WhiteWidow. (
purple | 48 APM | 325 actions | 06:46)
2 Dreadlord
1 Sleep
1 Vampiric Aura
» actions
| Assign group hotkey | 4 | |
| Basic commands | 2 | |
| Build / train | 26 | |
| Enter build submenu | 10 | |
| Enter hero's abilities submenu | 2 | |
| Right click | 128 | |
| Select / deselect | 61 | |
| Select group hotkey | 67 | |
| Use ability | 25 | |
325 total
» units
» upgrades
| Unholy Armor | 1 | |
| Unholy Strength | 1 | |
2 total
» buildings
| Graveyard | 1 | |
| Crypt | 1 | |
| Altar of Darkness | 1 | |
| Ziggurat | 3 | |
| Tomb of Relics | 1 | |
| Nerubian Tower | 1 | |
| Halls of the Dead | 1 | |
9 total
» build order
00:47 Graveyard
00:52 Crypt
01:02 Altar of Darkness
01:16 Ziggurat
01:25 Tomb of Relics
01:40 Ziggurat
02:30 Nerubian Tower
04:50 Halls of the Dead
05:38 Ziggurat
» items
| Rod of Necromancy | 2 | |
| Sacrificial Skull | 2 | |
4 total

»
AntiDepressed (
red | 63 APM | 438 actions | 06:56)
3 Priestess of the Moon
2 Trueshot Aura
1 Scout
» actions
| Assign group hotkey | 8 | |
| Basic commands | 29 | |
| Build / train | 24 | |
| Enter build submenu | 11 | |
| Enter hero's abilities submenu | 3 | |
| Remove unit from queue | 2 | |
| Right click | 237 | |
| Select / deselect | 63 | |
| Select group hotkey | 42 | |
| Use ability | 19 | |
438 total
» units
» buildings
| Altar of Elders | 1 | |
| Moon Well | 4 | |
| Hunter's Hall | 1 | |
| Ancient of War | 1 | |
| Tree of Ages | 1 | |
| Tree of Life | 1 | |
| Ancient of Lore | 2 | |
11 total
» build order
00:07 Altar of Elders
00:18 Moon Well
01:47 Hunter's Hall
01:51 Ancient of War
02:02 Moon Well
02:37 Moon Well
03:41 Tree of Ages
04:40 Tree of Life
05:14 Moon Well
06:13 Ancient of Lore
06:15 Ancient of Lore
ChristIsLife (
blue | 30 APM | 211 actions | 07:02)
1 Archmage
1 Summon Water Elemental
» actions
| Build / train | 26 | |
| Enter build submenu | 11 | |
| Enter hero's abilities submenu | 1 | |
| Remove unit from queue | 1 | |
| Right click | 51 | |
| Select / deselect | 108 | |
| Use ability | 13 | |
211 total
» units
» upgrades
» buildings
| Barracks | 1 | |
| Altar of Kings | 1 | |
| Farm | 5 | |
| Lumber Mill | 1 | |
| Keep | 1 | |
| Arcane Vault | 1 | |
10 total
» build order
00:05 Barracks
00:27 Altar of Kings
01:25 Farm
01:30 Lumber Mill
01:45 Farm
02:07 Farm
02:25 Farm
03:02 Farm
04:21 Keep
04:59 Arcane Vault
Chat log
(00:15 / Allies) archgods: air
(00:22 / All) OdinsMissingEye: mmmmmm i got da trolls mom
(00:22 / Allies) dontbackdown: melee i gues
(00:29 / All) AntiDepressed: i'll troll ur mom
(00:33 / All) OdinsMissingEye: merh
(00:40 / Allies) archgods: or sham hero with mass waards RUSH?
(00:41 / All) BRUCEWILLISUSA: your mom goes to college
(00:52 / Allies) dontbackdown: could
(01:00 / Allies) archgods: 3 orcs with sh hero?
(01:02 / Allies) archgods: wards
(01:04 / Allies) archgods: towers
(01:04 / Allies) dontbackdown: k
(01:07 / Allies) dontbackdown: i'm in
(01:07 / Allies) archgods: end game
(01:10 / Allies) archgods: teal?
(01:12 / Allies) BRUCEWILLISUSA: odin u too?
(01:14 / Allies) BRUCEWILLISUSA: answer fast
(01:15 / All) OdinsMissingEye: yar
(01:18 / Allies) archgods: nice
(01:22 / Allies) archgods: ill brign some towers
(01:26 / Allies) archgods: HH
(01:39 / Allies) BRUCEWILLISUSA: mass tier 1 until late in night
(01:42 / Allies) BRUCEWILLISUSA: so we have tons of shit
(01:43 / Allies) dontbackdown: putting shop up
(01:48 / Allies) archgods: last time me and one human owned that strage
(01:52 / Allies) archgods: hehad defend foots
(02:13 / Allies) BRUCEWILLISUSA: save your wards for when were inside his base territory
(02:18 / Allies) BRUCEWILLISUSA: dont use up ur mana outside main fight
(02:19 / Allies) archgods: yes
(02:23 / Allies) archgods: and keep them tight
(02:39 / Allies) BRUCEWILLISUSA: no dont go now
(02:41 / Allies) BRUCEWILLISUSA: fucking morons
(02:48 / Allies) archgods: get utnis
(02:48 / Allies) BRUCEWILLISUSA: thats not how it works
(02:54 / Allies) dontbackdown: we'll hold
(02:55 / Allies) archgods: sdoenst work with out support
(02:58 / Allies) BRUCEWILLISUSA: i knew i would regret
(03:00 / Allies) BRUCEWILLISUSA: agreeing to this
(03:03 / Allies) BRUCEWILLISUSA: noone in rt knows how to do shit
(03:05 / Allies) archgods: get UNTIS
(03:10 / Allies) archgods: or we dead
(03:40 / Allies) archgods: come pink
(03:53 / Allies) BRUCEWILLISUSA: coming
(04:04 / Allies) BRUCEWILLISUSA: you guys have .67 units each
(04:06 / Allies) BRUCEWILLISUSA: this is really gonna go well
(04:10 / Allies) BRUCEWILLISUSA: 4 armies vs some wards
(04:11 / Allies) archgods: lol
(04:31 / Allies) BRUCEWILLISUSA: bring your units
(04:31 / Allies) BRUCEWILLISUSA: jesus
(04:35 / Allies) archgods: haha
(04:40 / Allies) BRUCEWILLISUSA: and hes teching
(04:41 / Allies) BRUCEWILLISUSA: durrrr
(04:43 / Allies) BRUCEWILLISUSA: DUIRRRRR
(04:43 / Allies) dontbackdown: was looking for them
(04:44 / Allies) archgods: start towers
(04:47 / Allies) BRUCEWILLISUSA: charge
(04:47 / Allies) dontbackdown: couldn't find em
(04:49 / Allies) BRUCEWILLISUSA: lets iend this
(04:58 / Allies) archgods: wait
(05:07 / Allies) BRUCEWILLISUSA: get wards right ehre
(05:14 / Allies) BRUCEWILLISUSA: GO
(05:16 / Allies) BRUCEWILLISUSA: set all wards
(05:17 / Allies) BRUCEWILLISUSA: NOW
(05:39 / Allies) BRUCEWILLISUSA: keep sending units and warding
(06:06 / Allies) BRUCEWILLISUSA: keep wardeing
(06:34 / All) 5POPPIN6DROPPIN: gg
(06:44 / All) WhiteWidow.: gg
(06:47 / All) AntiDepressed: someone explain to me
(06:50 / All) AntiDepressed: why these downsyndrome kids
(06:51 / All) 5POPPIN6DROPPIN: blu was total trash, idk how i even get matched with this filth, 3-2 pffff
(06:53 / Allies) archgods: my fav stageyt